[Event "7th Cesme Open-A 2019"]
[Site "Cesme"]
[Date "2019.06.28"]
[Round "7"]
[White "Lavrov, Maxim"]
[Black "Sevgi, Volkan"]
[Result "1/2-1/2"]
[ECO "B12"]
[WhiteElo "2401"]
[BlackElo "2302"]
[Annotator "NA"]
[PlyCount "107"]
[EventDate "2019.06.24"]
[EventType "swiss"]
[EventCountry "TUR"]
[SourceTitle "playchess.com"]
[Source "ChessBase"]
[SourceQuality "1"]
[TimeControl "5400+30"]

1. e4 c6 2. d4 d5 3. e5 Bf5 4. Nf3 e6 5. Be2 Bb4+ 6. Nbd2 Nd7 7. O-O Ba5 8. c4 Ne7 9. Nh4 Bxd2 10. Bxd2 dxc4 11. Bg5 Be4 12. Bxc4 Nb6 13. Bb3 $11 h6 14. Be3 g5 15. Nf3 Nf5 16. Re1 Qd7 17. Nd2 Bd5 18. a4 a5 19. Qc2 Qe7 20. Qc3 Rg8 21. Bc2 Qb4 22. Qxb4 axb4 23. a5 Nc4 24. Nxc4 Bxc4 25. Rec1 Bb5 26. Ba4 Ba6 27. Bc2 Bb5 28. Bxf5 exf5 29. d5 Rg6 30. Bc5 b3 31. Rc3 cxd5 32. Rxb3 Ba6 33. Bd6 Rc8 34. Rb6 d4 35. f3 d3 36. Rd1 f4 37. Rd2 Rc2 38. Bb4 Rxb6 39. axb6 Kd7 40. Kf2 Ke6 41. Ke1 Kxe5 42. Bc3+ Kf5 43. Kd1 h5 44. Ke1 Rc1+ 45. Rd1 Rc2 46. Rd2 g4 47. Rxc2 dxc2 48. Bd2 g3 49. h4 Bb5 50. Bc1 Ke5 51. Bd2 Bc4 52. Bc1 f6 53. Bd2 Bb5 54. Bc1 1/2-1/2

[Event "7th Cesme Open-A 2019"]
[Site "Cesme"]
[Date "2019.06.28"]
[Round "7"]
[White "Bashirli, Nail"]
[Black "Aydincelebi, Kagan"]
[Result "1-0"]
[ECO "B61"]
[WhiteElo "2367"]
[BlackElo "2258"]
[Annotator "NA"]
[PlyCount "129"]
[EventDate "2019.06.24"]
[EventType "swiss"]
[EventCountry "TUR"]
[SourceTitle "playchess.com"]
[Source "ChessBase"]
[SourceQuality "1"]
[TimeControl "5400+30"]

1. e4 c5 2. Nf3 Nc6 3. Nc3 d6 4. d4 cxd4 5. Nxd4 Nf6 6. Bg5 Bd7 7. Qd2 Rc8 8. O-O-O Nxd4 9. Qxd4 Qa5 10. f4 h6 11. Bh4 g5 12. e5 Bg7 $14 13. exf6 Bxf6 14. Qd5 Bxc3 15. Qxa5 Bxa5 16. fxg5 hxg5 17. Bxg5 Bg4 18. Rd4 Bf5 19. c3 Bb6 20. Rb4 f6 21. Bd2 d5 22. h4 Be4 23. h5 Kf7 24. Rh4 Rcg8 25. Rbxe4 dxe4 26. Bc4+ e6 27. Rxe4 Re8 28. g4 Bc5 29. Kc2 Re7 30. Bf4 a6 31. b4 Ba7 32. a4 Bb8 33. Be3 Bd6 34. a5 Kg7 35. Bd3 Rc8 36. Kb3 Rec7 37. c4 e5 38. c5 Be7 39. g5 fxg5 40. Rxe5 Bf6 41. Rf5 Rd8 42. h6+ Kf7 43. Kc2 g4 44. h7 Kg7 45. Rf4 Re7 46. Rxg4+ Kh8 47. Bc1 Red7 48. Be4 Rd4 49. Kb3 Re8 50. Rg8+ Rxg8 51. hxg8=Q+ Kxg8 52. Bxb7 Rd1 53. Kc2 Rd4 54. Bd2 Rc4+ 55. Kb3 Rd4 56. Kc2 Rc4+ 57. Kd3 Rd4+ 58. Ke2 Kf7 59. Bxa6 Ke7 60. Bd3 Kd7 61. a6 Kc7 62. b5 Be7 63. b6+ Kc6 64. a7 Ra4 65. Be3 1-0

[Event "7th Cesme Open-A 2019"]
[Site "Cesme"]
[Date "2019.06.28"]
[Round "7"]
[White "Koksal, Ege"]
[Black "Kara, Yanki"]
[Result "1-0"]
[ECO "D68"]
[WhiteElo "2363"]
[BlackElo "2186"]
[Annotator "NA"]
[PlyCount "163"]
[EventDate "2019.06.24"]
[EventType "swiss"]
[EventCountry "TUR"]
[SourceTitle "playchess.com"]
[Source "ChessBase"]
[SourceQuality "1"]
[TimeControl "5400+30"]

1. d4 Nf6 2. c4 e6 3. Nf3 d5 4. Nc3 Be7 5. Bg5 Nbd7 6. e3 O-O 7. Rc1 c6 8. Bd3 dxc4 9. Bxc4 Nd5 10. Bxe7 Qxe7 11. O-O Nxc3 12. Rxc3 e5 13. d5 cxd5 $14 14. Qxd5 Re8 15. Rd1 Nf6 16. Qa5 Bg4 17. Be2 b6 18. Qa4 Rac8 19. Rdc1 Rxc3 20. Rxc3 Rc8 21. Rxc8+ Bxc8 22. h3 Qc7 23. Qc4 Qb8 24. Ng5 Be6 25. Nxe6 fxe6 26. Qxe6+ Kf8 27. Bc4 Qc7 28. g4 h6 29. b3 e4 30. Kg2 Qd7 31. Qe5 Qd8 32. Qf5 Qd7 33. Qe5 Qd8 34. a4 g5 35. Qf5 Kg7 36. h4 gxh4 37. g5 h3+ 38. Kxh3 hxg5 39. Qxg5+ Kf8 40. Kg2 a5 41. Qf5 Qd6 42. Qg6 Qe7 43. Kh3 Qd7+ 44. Kh2 Qd6+ 45. Kg2 Ke7 46. Qg7+ Kd8 47. Qg3 Ke7 48. Bb5 Nh5 49. Qg4 Nf6 50. Qf5 Qe6 51. Qf4 Qd6 52. Qg5 Kd8 53. Qg7 Qe6 54. Bc4 Qf5 55. Be2 Qe5 56. Qg3 Qc5 57. Bc4 Qf5 58. Qb8+ Kd7 59. Qb7+ Ke8 60. Qf7+ Kd8 61. Qf8+ Kd7 62. Bb5+ Kc7 63. Qe7+ Kb8 64. Qd6+ Kb7 65. Qc6+ Kb8 66. Qxb6+ Kc8 67. Qa6+ Kb8 68. Qd6+ Kb7 69. Qe7+ Kb6 70. Qd8+ Kb7 71. Qd6 Qf3+ 72. Kg1 Qg4+ 73. Qg3 Qf5 74. Bc4 Ng4 75. Qf4 Qxf4 76. exf4 Kc6 77. Kg2 Kc5 78. Kg3 Nf6 79. f5 Kd4 80. Kf4 Nd7 81. Bb5 Ne5 82. f6 1-0

[Event "7th Cesme Open-A 2019"]
[Site "Cesme"]
[Date "2019.06.28"]
[Round "7"]
[White "Kamer, Kayra"]
[Black "Yilmaz, Goktan"]
[Result "1/2-1/2"]
[ECO "B90"]
[WhiteElo "2353"]
[BlackElo "2155"]
[Annotator "NA"]
[PlyCount "115"]
[EventDate "2019.06.24"]
[EventType "swiss"]
[EventCountry "TUR"]
[SourceTitle "playchess.com"]
[Source "ChessBase"]
[SourceQuality "1"]
[TimeControl "5400+30"]

1. e4 c5 2. Nf3 d6 3. d4 cxd4 4. Nxd4 Nf6 5. Nc3 a6 6. f3 e6 7. g4 b5 8. g5 Nfd7 9. h4 Bb7 10. Be3 Nb6 11. Qe2 N8d7 12. h5 b4 $11 13. Nb1 d5 14. Qg2 Bc5 15. g6 hxg6 16. hxg6 Rxh1 17. gxf7+ Kxf7 18. Qxh1 Qf6 19. Qh5+ Kg8 20. Bh3 Nf8 21. e5 Qf7 22. Qxf7+ Kxf7 23. Nd2 Nc4 24. Nxc4 dxc4 25. Nf5 Bxe3 26. Nxe3 Bxf3 27. Nxc4 Ng6 28. a3 Bd5 29. Nb6 Rh8 30. Bf1 Rb8 31. Nxd5 exd5 32. axb4 Rxb4 33. b3 Rb6 34. Bxa6 Nxe5 35. Kd2 g5 36. Ke3 Ke7 37. Be2 Kd6 38. Rg1 g4 39. Bxg4 Kc5 40. Be2 Rh6 41. Rg8 Rh3+ 42. Kd2 Kd4 43. Rd8 Rh2 44. c4 Nf3+ 45. Kd1 Rh1+ 46. Kc2 Rh2 47. Rxd5+ Ke3 48. Kc3 Rxe2 49. b4 Ke4 50. b5 Re1 51. Kb4 Ne5 52. Kc5 Rb1 53. Rd4+ Kf5 54. Rh4 Ke6 55. Rh6+ Kd7 56. Rh7+ Ke6 57. Rc7 Rc1 58. Kd4 1/2-1/2

[Event "7th Cesme Open-A 2019"]
[Site "Cesme"]
[Date "2019.06.28"]
[Round "7"]
[White "Chighladze, Iveri"]
[Black "Ozenir, Ekin Baris"]
[Result "1-0"]
[ECO "E32"]
[WhiteElo "2317"]
[BlackElo "2250"]
[Annotator "NA"]
[PlyCount "115"]
[EventDate "2019.06.24"]
[EventType "swiss"]
[EventCountry "TUR"]
[SourceTitle "playchess.com"]
[Source "ChessBase"]
[SourceQuality "1"]
[TimeControl "5400+30"]

1. d4 Nf6 2. c4 e6 3. Nc3 Bb4 4. Qc2 O-O 5. e4 d5 6. e5 Ne4 7. Bd3 c5 8. Nf3 cxd4 9. Nxd4 Nd7 10. Bxe4 dxe4 11. Qxe4 Qa5 12. O-O Qxe5 13. Qh4 Qc5 $11 14. Nde2 Qe7 15. Bg5 f6 16. Be3 b6 17. a3 Bc5 18. Bxc5 bxc5 19. Rfe1 Ne5 20. b3 Rb8 21. Rab1 Nc6 22. Qg3 Rd8 23. Nf4 Rb7 24. h3 Nd4 25. Ne4 a5 26. Kh1 Rf8 27. Nd2 Qd6 28. Nd3 Qc6 29. Ne4 Nc2 30. Re2 Nd4 31. Ree1 Nc2 32. Rec1 Qxe4 33. Rxc2 Rd8 34. Rc3 a4 35. b4 cxb4 36. axb4 Ra7 37. Ra1 Qd4 38. Nc5 a3 39. Rcxa3 Rxa3 40. Rxa3 Qxc4 41. Ra7 g5 42. Qc7 Qc1+ 43. Kh2 Qf4+ 44. Qxf4 gxf4 45. b5 e5 46. b6 Rd6 47. Na4 Rc6 48. Rc7 Rxc7 49. bxc7 Kg7 50. Nb6 Be6 51. c8=Q Bxc8 52. Nxc8 Kg6 53. Ne7+ Kg5 54. Kg1 h5 55. Kf1 e4 56. Ke2 Kh4 57. Nd5 Kg5 58. f3 1-0

[Event "7th Cesme Open-A 2019"]
[Site "Cesme"]
[Date "2019.06.28"]
[Round "7"]
[White "Eminov, Orkhan"]
[Black "Lomsadze, Davit"]
[Result "1/2-1/2"]
[ECO "C64"]
[WhiteElo "2314"]
[BlackElo "2292"]
[Annotator "NA"]
[PlyCount "33"]
[EventDate "2019.06.24"]
[EventType "swiss"]
[EventCountry "TUR"]
[SourceTitle "playchess.com"]
[Source "ChessBase"]
[SourceQuality "1"]
[TimeControl "5400+30"]

1. e4 e5 2. Nf3 Nc6 3. Bb5 Bc5 4. O-O Nd4 5. Nxd4 Bxd4 6. c3 $11 Bb6 7. d4 c6 8. Bc4 d6 9. a4 Nf6 10. Bg5 h6 11. Bxf6 Qxf6 12. a5 Bc7 13. d5 O-O 14. Nd2 Bd7 15. Qe2 Rab8 16. b4 Kh8 17. Rfd1 1/2-1/2

[Event "7th Cesme Open-A 2019"]
[Site "Cesme"]
[Date "2019.06.28"]
[Round "7"]
[White "Guseynov, Alihan"]
[Black "Tuncer, Tuna"]
[Result "1/2-1/2"]
[ECO "A38"]
[WhiteElo "2274"]
[BlackElo "2365"]
[Annotator "NA"]
[PlyCount "31"]
[EventDate "2019.06.24"]
[EventType "swiss"]
[EventCountry "TUR"]
[SourceTitle "playchess.com"]
[Source "ChessBase"]
[SourceQuality "1"]
[TimeControl "5400+30"]

1. c4 c5 2. Nf3 Nc6 3. Nc3 Nf6 4. g3 d5 5. cxd5 Nxd5 6. Bg2 g6 7. O-O Bg7 8. d3 O-O $11 9. Bd2 b6 10. Nxd5 Qxd5 11. Ne5 Qxe5 12. Bxc6 Bh3 13. Bc3 Qd6 14. Bxa8 Bxf1 15. Qxf1 Rxa8 16. Qg2 1/2-1/2

[Event "7th Cesme Open-A 2019"]
[Site "Cesme"]
[Date "2019.06.28"]
[Round "7"]
[White "Darban, Morteza"]
[Black "Annageldyev, Orazly"]
[Result "0-1"]
[ECO "B40"]
[WhiteElo "2264"]
[BlackElo "2353"]
[Annotator "NA"]
[PlyCount "88"]
[EventDate "2019.06.24"]
[EventType "swiss"]
[EventCountry "TUR"]
[SourceTitle "playchess.com"]
[Source "ChessBase"]
[SourceQuality "1"]
[TimeControl "5400+30"]

1. e4 c5 2. Nc3 e6 3. Nf3 a6 4. g3 b5 5. Bg2 Bb7 6. d3 Nf6 7. O-O d5 8. Bg5 d4 9. Ne2 Be7 10. b4 Nc6 11. bxc5 e5 12. Nh4 g6 13. a4 bxa4 14. Qb1 Rb8 15. Qa2 Nd7 16. Bxe7 Qxe7 17. f4 Nb4 18. Qxa4 Bc6 19. Qb3 O-O 20. Qc4 Qxc5 21. Qxc5 Nxc5 22. fxe5 Rfd8 23. Nf3 Nxc2 24. Rac1 Ba4 25. Nexd4 Nxd4 26. Rxc5 Ne2+ 27. Kh1 Rxd3 28. Ng5 Rd7 29. Bh3 Re7 30. e6 fxe6 31. Bxe6+ Kg7 32. Bc4 Bb5 33. Ne6+ Rxe6 34. Rxb5 axb5 35. Bxe6 b4 36. Bc4 Nc3 37. Rf7+ Kh6 38. Bb3 Nxe4 39. g4 Nd2 40. Be6 Rb6 41. Bd7 Kg5 42. Kg2 h5 43. Kg3 h4+ 44. Kf2 b3 0-1

[Event "7th Cesme Open-A 2019"]
[Site "Cesme"]
[Date "2019.06.28"]
[Round "7"]
[White "Tepe, Efe Can"]
[Black "Barsov, Alexei"]
[Result "0-1"]
[ECO "C18"]
[WhiteElo "2150"]
[BlackElo "2397"]
[Annotator "NA"]
[PlyCount "66"]
[EventDate "2019.06.24"]
[EventType "swiss"]
[EventCountry "TUR"]
[SourceTitle "playchess.com"]
[Source "ChessBase"]
[SourceQuality "1"]
[TimeControl "5400+30"]

1. e4 e6 2. d4 d5 3. Nc3 Bb4 4. e5 c5 5. a3 Bxc3+ 6. bxc3 Ne7 7. Qg4 O-O 8. Nf3 Nbc6 9. Bd3 f5 10. exf6 Rxf6 11. Bg5 e5 12. Qg3 Rxf3 13. gxf3 {[%emt 0:00:30] [#]} c4 $17 14. Bxh7+ Kxh7 15. Rg1 Qf8 16. dxe5 Nf5 17. Qh3+ Nh6 18. Qh5 Qf5 19. f4 Qxc2 20. Rg3 Be6 21. Kf1 d4 22. cxd4 Nxd4 23. Bxh6 gxh6 24. Rd1 Qf5 25. Qh4 Nc6 26. Rd6 Rf8 27. Kg1 Qb1+ 28. Kg2 Qe4+ 29. f3 Qf5 30. Rg4 c3 31. Qg3 c2 32. Rg7+ Kh8 33. Rg6 Qxg6 0-1

[Event "7th Cesme Open-A 2019"]
[Site "Cesme"]
[Date "2019.06.28"]
[Round "7"]
[White "Caputcuoglu, Zeki Berke"]
[Black "Gokerkan, Cem Kaan"]
[Result "0-1"]
[ECO "D35"]
[WhiteElo "2097"]
[BlackElo "2415"]
[Annotator "NA"]
[PlyCount "136"]
[EventDate "2019.06.24"]
[EventType "swiss"]
[EventCountry "TUR"]
[SourceTitle "playchess.com"]
[Source "ChessBase"]
[SourceQuality "1"]
[TimeControl "5400+30"]

1. Nf3 Nf6 2. d4 e6 3. c4 d5 4. Nc3 Be7 5. Bg5 O-O 6. e3 h6 7. Bh4 Nbd7 8. Bd3 c5 9. cxd5 exd5 10. O-O c4 $14 11. Bc2 b5 12. Ne5 Nxe5 13. dxe5 Ng4 14. Bg3 Bh4 15. Qxd5 Bxg3 16. hxg3 Qxd5 17. Nxd5 Nxe5 18. a4 b4 19. Rfd1 a5 20. Nb6 Rb8 21. Rd5 Rxb6 22. Rxe5 b3 23. Be4 Re6 24. Rxe6 Bxe6 25. Kf1 f5 26. Bc6 c3 27. bxc3 Rc8 28. Bb5 Rxc3 29. Rb1 Kf7 30. Ke1 Ke7 31. Rb2 Rc1+ 32. Kd2 Ra1 33. Kc3 Kd6 34. Be8 Kc5 35. Bb5 Rc1+ 36. Kd2 Rg1 37. Kc3 Rxg2 38. Rd2 g5 39. Be8 Rh2 40. Bg6 Rh1 41. Kb2 Re1 42. Bh5 Rf1 43. Bd1 Kb4 44. Rd4+ Kc5 45. Rd2 Bf7 46. Bxb3 h5 47. Re2 Bxb3 48. Kxb3 Kd5 49. Rd2+ Ke4 50. Kc4 Kf3 51. Rd5 Kg4 52. Rd2 h4 53. Rd4+ Kh5 54. gxh4 gxh4 55. Rf4 h3 56. Rxf5+ Kg6 57. Rf3 h2 58. Rh3 h1=Q 59. Rxh1 Rxh1 60. Kb5 Rh5+ 61. Ka6 Kf6 62. f4 Rf5 63. Kb6 Ke7 64. Kc6 Ke6 65. Kb6 Kd6 66. e4 Rxf4 67. e5+ Kxe5 68. Kxa5 Kd6 0-1

[Event "7th Cesme Open-A 2019"]
[Site "Cesme"]
[Date "2019.06.28"]
[Round "7"]
[White "Rzayev, Askar Aliakbar"]
[Black "Guliev, Logman"]
[Result "1-0"]
[ECO "E06"]
[WhiteElo "2089"]
[BlackElo "2320"]
[Annotator "NA"]
[PlyCount "92"]
[EventDate "2019.06.24"]
[EventType "swiss"]
[EventCountry "TUR"]
[SourceTitle "playchess.com"]
[Source "ChessBase"]
[SourceQuality "1"]
[TimeControl "5400+30"]

1. d4 Nf6 2. Nf3 e6 3. g3 d5 4. Bg2 c5 5. O-O Be7 6. dxc5 Bxc5 7. c4 Nc6 8. a3 O-O 9. b4 Be7 10. cxd5 Nxd5 11. Bb2 Bf6 12. Qb3 a5 13. e4 a4 14. Qc2 Bxb2 15. Qxb2 Nb6 16. Nc3 Bd7 17. Rfd1 Qf6 18. b5 Na5 19. e5 Qe7 20. Ne4 Nac4 21. Qd4 Rfd8 22. Nd6 Bxb5 23. Qf4 Ba6 24. Ng5 h6 25. Qxf7+ Qxf7 26. Ngxf7 Rd7 27. Bh3 Re7 28. Nxc4 Bxc4 29. Nd6 Bb3 30. Rd4 Nd5 31. Rc1 Kh7 32. Bf1 b6 33. Bd3+ g6 34. Rg4 Rg8 35. Rc8 Rxc8 36. Bxg6+ Kh8 37. Nxc8 Rc7 38. Nd6 Bd1 39. f3 Bxf3 40. Rxa4 Ne3 41. h3 Bd5 42. Kf2 Nd1+ 43. Ke1 Ne3 44. Ke2 Nc2 45. Bd3 Na1 46. Rh4 Kg7 1-0

[Event "7th Cesme Open-A 2019"]
[Site "Cesme"]
[Date "2019.06.28"]
[Round "7"]
[White "Unat, Can Haktan"]
[Black "Rzayev, Bahruz"]
[Result "1-0"]
[ECO "A44"]
[WhiteElo "2079"]
[BlackElo "2340"]
[Annotator "NA"]
[PlyCount "77"]
[EventDate "2019.06.24"]
[EventType "swiss"]
[EventCountry "TUR"]
[SourceTitle "playchess.com"]
[Source "ChessBase"]
[SourceQuality "1"]
[TimeControl "5400+30"]

1. d4 c5 2. d5 e5 3. Nc3 d6 4. e4 Nf6 5. Nf3 Be7 6. Be2 O-O 7. O-O Ne8 8. Nd2 f5 9. exf5 Bxf5 10. Bg4 Qc8 11. Bxf5 Qxf5 12. Nc4 Nd7 $14 13. f4 Qg6 14. Qe2 Nc7 15. a4 Rae8 16. fxe5 Rxf1+ 17. Kxf1 Nxe5 18. Nxe5 dxe5 19. Be3 e4 20. Kg1 Bd6 21. Rf1 b6 22. Bf4 h6 23. Qe3 Kh8 24. Qg3 Qxg3 25. hxg3 Rd8 26. Re1 Kg8 27. Kf2 Kf7 28. Rd1 Kg6 29. Ke3 Kf5 30. Rf1 Kg4 31. Bxd6 Rxd6 32. Rf4+ Kh5 33. Kxe4 Rd7 34. Kf5 g6+ 35. Ke5 g5 36. Rf8 Kg4 37. d6 Kxg3 38. Ne4+ Kxg2 39. Nf6 1-0

[Event "7th Cesme Open-A 2019"]
[Site "Cesme"]
[Date "2019.06.29"]
[Round "8"]
[White "Barsov, Alexei"]
[Black "Bashirov, Teymur"]
[Result "*"]
[ECO "B14"]
[WhiteElo "2397"]
[BlackElo "2238"]
[Annotator "NA RC"]
[PlyCount "75"]
[EventDate "2019.06.24"]
[EventType "swiss"]
[EventCountry "TUR"]
[SourceTitle "playchess.com"]
[Source "ChessBase"]
[SourceQuality "1"]
[TimeControl "5400+30"]

1. d4 Nf6 2. c4 c5 3. e3 cxd4 4. exd4 g6 5. Nc3 d5 6. Qb3 Bg7 7. cxd5 O-O 8. Be2 Qb6 9. Qxb6 axb6 10. Nf3 Rd8 11. Bc4 Na6 12. Bg5 Nb4 13. Bxf6 Bxf6 14. O-O Bf5 15. h3 h5 16. a3 Nc2 17. Rad1 Rac8 18. Bd3 Nxa3 19. Bxf5 gxf5 20. Na4 Nc4 21. b3 b5 22. Nc5 Nd6 23. Rfe1 Kh7 24. Ne5 Rg8 25. Ncd7 Bg7 26. Rd3 Rgd8 27. Nc5 h4 28. Rf3 Kg8 29. Rf4 Bf6 30. Nf3 Ra8 31. Re3 Ra1+ 32. Kh2 Kh8 33. Nd3 Rb1 34. Nde5 Rb2 35. Nxh4 Bg5 36. Ref3 Kg7 37. g4 Kf6 38. gxf5 *

[Event "7th Cesme Open-A 2019"]
[Site "Cesme"]
[Date "2019.06.29"]
[Round "8"]
[White "Tuncer, Tuna"]
[Black "Ozkan, Ervin"]
[Result "1-0"]
[ECO "C43"]
[WhiteElo "2365"]
[BlackElo "2159"]
[Annotator "NA"]
[PlyCount "55"]
[EventDate "2019.06.24"]
[EventType "swiss"]
[EventCountry "TUR"]
[SourceTitle "playchess.com"]
[Source "ChessBase"]
[SourceQuality "1"]
[TimeControl "5400+30"]

1. e4 e5 2. Nf3 Nf6 3. d4 Nxe4 4. Bd3 d5 5. Nxe5 Nd7 6. Nxd7 Bxd7 7. O-O Bd6 8. Nc3 Nxc3 9. bxc3 O-O 10. Qh5 {[%emt 0:00:00] C43: Petroff Defence: 3 d4} f5 11. Re1 Qf6 (11... c6 12. Bg5 Qc7 13. Re3 g6 14. Qh4 Rae8 15. Rae1 Rxe3 16. Rxe3 Re8 17. c4 Rxe3 18. Bxe3 {1-0 (44) Nepomniachtchi,I (2771)-Yu,Y (2761) Astana 2019}) 12. Qf3 Bc6 13. Bf4 Bxf4 $146 ({Predecessor:} 13... g6 14. Be5 Bxe5 15. dxe5 Qe6 16. Qf4 Kg7 17. h4 h6 18. Re3 b6 19. a4 a5 20. Bf1 Rae8 21. Rd1 Rd8 22. Be2 Bb7 23. Rg3 Kh7 24. Re3 {½-½ (24) Vorontsov,G (2027)-Kuuse,K (2041) ICCF email 2017}) 14. Qxf4 Qd6 15. Re5 Rae8 16. Rae1 Rxe5 17. Rxe5 g6 18. Qe3 f4 19. Qe1 Qd7 20. c4 $14 dxc4 21. Bxc4+ Kh8 22. d5 Ba4 23. Re7 Qd6 24. Qa1+ Qf6 25. Qxf6+ Rxf6 26. Rxc7 Bxc2 27. Rxb7 a5 28. f3 1-0

[Event "7th Cesme Open-A 2019"]
[Site "Cesme"]
[Date "2019.06.29"]
[Round "8"]
[White "Koksal, Ege"]
[Black "Dogan, Nazmi Can"]
[Result "1/2-1/2"]
[ECO "A41"]
[WhiteElo "2363"]
[BlackElo "2276"]
[Annotator "ChessBase"]
[PlyCount "51"]
[EventDate "2019.06.24"]
[EventType "swiss"]
[EventCountry "TUR"]
[SourceTitle "playchess.com"]
[Source "ChessBase"]
[SourceQuality "1"]
[TimeControl "5400+30"]

1. d4 d6 2. Nf3 Bg4 3. Nbd2 Nd7 4. h3 Bh5 5. b3 e6 6. Bb2 Ngf6 7. e3 Be7 8. Be2 c6 9. O-O O-O 10. c4 a5 11. a3 Qb8 12. b4 b6 13. Bc3 axb4 14. axb4 Qb7 15. Qc2 Bg6 16. Bd3 Bxd3 17. Qxd3 Rxa1 18. Rxa1 Ra8 19. Qb1 Ra7 20. Qb2 Qa8 21. Ne1 Rxa1 22. Qxa1 Qxa1 23. Bxa1 Ne8 24. Nd3 Nc7 25. Kf1 f5 26. Ke2 1/2-1/2

[Event "7th Cesme Open-A 2019"]
[Site "Cesme"]
[Date "2019.06.29"]
[Round "8"]
[White "Annageldyev, Orazly"]
[Black "Rzayev, Askar Aliakbar"]
[Result "1-0"]
[ECO "C54"]
[WhiteElo "2353"]
[BlackElo "2089"]
[Annotator "NA"]
[PlyCount "83"]
[EventDate "2019.06.24"]
[EventType "swiss"]
[EventCountry "TUR"]
[SourceTitle "playchess.com"]
[Source "ChessBase"]
[SourceQuality "1"]
[TimeControl "5400+30"]

1. e4 e5 2. Nf3 Nc6 3. Bc4 Bc5 4. O-O Nf6 5. d3 d6 6. c3 O-O 7. Re1 a5 8. Nbd2 Be6 9. Bxe6 fxe6 10. Nf1 Bb6 11. Be3 Bxe3 12. Nxe3 a4 13. d4 Nxe4 14. d5 Ne7 15. dxe6 Nxf2 16. Qc2 e4 17. Ng5 Nd3 18. Rf1 Rxf1+ 19. Rxf1 d5 20. Qe2 Qe8 21. Rf7 h6 22. Nxd5 Nxd5 23. Qxe4 hxg5 24. Qg6 Qf8 25. Rxf8+ Rxf8 26. Qxd3 Nf4 27. Qe4 c6 28. c4 Re8 29. e7 Nh5 30. Qe6+ Kh7 31. Qf7 Nf6 32. g4 Kh6 33. h3 b5 34. c5 Rc8 35. Kg2 Rb8 36. Kf3 Re8 37. a3 Rb8 38. Ke3 Kh7 39. Kd4 b4 40. h4 gxh4 41. g5 Ne8 42. g6+ 1-0

[Event "7th Cesme Open-A 2019"]
[Site "Cesme"]
[Date "2019.06.29"]
[Round "8"]
[White "Kamer, Kayra"]
[Black "Caputcuoglu, Zeki Berke"]
[Result "1-0"]
[ECO "E90"]
[WhiteElo "2353"]
[BlackElo "2097"]
[Annotator "NA"]
[PlyCount "117"]
[EventDate "2019.06.24"]
[EventType "swiss"]
[EventCountry "TUR"]
[SourceTitle "playchess.com"]
[Source "ChessBase"]
[SourceQuality "1"]
[TimeControl "5400+30"]

1. d4 Nf6 2. c4 g6 3. Nc3 Bg7 4. e4 d6 5. h3 O-O 6. Nf3 c5 7. d5 e6 8. Bd3 Na6 9. Bg5 h6 10. Be3 Nc7 11. e5 dxe5 12. Bxc5 Re8 13. d6 Na6 14. Ba3 Nd7 15. Nb5 f5 16. Bc2 e4 17. Nfd4 Ne5 18. b3 Nc6 19. O-O Nxd4 20. Nxd4 Qb6 21. Nb5 Bd7 22. Qe2 Qa5 23. b4 Nxb4 24. Bxb4 Qxb4 25. Rab1 Qc5 26. Nc7 Qxd6 27. Nxe8 Bxe8 28. Rxb7 Bc6 29. Rbb1 Qe5 30. Rbd1 Bf8 31. Qd2 f4 32. Rfe1 e3 33. Qd3 Qg5 34. Qxg6+ Qxg6 35. Bxg6 Bc5 36. fxe3 Bxe3+ 37. Kf1 Kg7 38. Bh5 Kf6 39. Bg4 Ke7 40. Rd3 e5 41. Rdxe3 fxe3 42. Rxe3 Rf8+ 43. Kg1 Kd6 44. c5+ Kxc5 45. Rxe5+ Kb4 46. Re6 Bd5 47. Rxh6 a5 48. Be6 Bxe6 49. Rxe6 a4 50. h4 Rd8 51. Re2 a3 52. g4 Ka4 53. h5 Rb8 54. h6 Rb1+ 55. Kh2 Rb2 56. Rg2 Rb7 57. g5 Rh7 58. Kg1 Rb7 59. g6 1-0

[Event "7th Cesme Open-A 2019"]
[Site "Cesme"]
[Date "2019.06.29"]
[Round "8"]
[White "Olcum, Ahmet"]
[Black "Kara, Yanki"]
[Result "1/2-1/2"]
[ECO "C00"]
[WhiteElo "2315"]
[BlackElo "2186"]
[Annotator "NA"]
[PlyCount "105"]
[EventDate "2019.06.24"]
[EventType "swiss"]
[EventCountry "TUR"]
[SourceTitle "playchess.com"]
[Source "ChessBase"]
[SourceQuality "1"]
[TimeControl "5400+30"]

1. e4 e6 2. d3 d5 3. Nd2 Nf6 4. Ngf3 Nc6 5. c3 dxe4 6. dxe4 e5 7. Qc2 a5 8. h3 Bc5 9. Be2 Qe7 10. Nf1 O-O 11. g4 Qe6 12. Be3 Nd7 13. h4 Ne7 14. h5 b6 15. g5 Bb7 16. N3d2 Ba6 17. Bxa6 Rxa6 18. Qd3 Raa8 19. Qc4 Qc6 20. a4 Rad8 21. g6 Bxe3 22. Nxe3 Nc5 23. gxh7+ Kxh7 24. Ke2 f5 25. h6 g6 26. Nf3 Nxe4 27. Rad1 Rxd1 28. Rxd1 Kxh6 29. Nxe5 Qxc4+ 30. N3xc4 Nc5 31. Nd7 Nxd7 32. Rxd7 Re8 33. Kf1 f4 34. Rxc7 Nf5 35. Nxb6 f3 36. Nd5 Re2 37. b4 Ra2 38. Kg1 Ra1+ 39. Kh2 Rf1 40. Ne3 Nxe3 41. fxe3 Rc1 42. Kg3 axb4 43. Kxf3 bxc3 44. Ke4 c2 45. Rc6 Kg7 46. a5 Ra1 47. Rxc2 Rxa5 48. Rf2 g5 49. Rf5 Rxf5 50. Kxf5 g4 51. Kxg4 Kg6 52. Kf4 Kf6 53. Ke4 1/2-1/2

[Event "7th Cesme Open-A 2019"]
[Site "Cesme"]
[Date "2019.06.29"]
[Round "8"]
[White "Eminov, Orkhan"]
[Black "Bashirli, Nail"]
[Result "1/2-1/2"]
[ECO "C49"]
[WhiteElo "2314"]
[BlackElo "2367"]
[Annotator "NA"]
[PlyCount "106"]
[EventDate "2019.06.24"]
[EventType "swiss"]
[EventCountry "TUR"]
[SourceTitle "playchess.com"]
[Source "ChessBase"]
[SourceQuality "1"]
[TimeControl "5400+30"]

1. e4 Nf6 2. Nc3 e5 3. Nf3 Nc6 4. Bb5 Bb4 5. O-O O-O 6. d3 Bxc3 7. bxc3 d6 8. Bg5 Qe7 9. Re1 h6 10. Bc1 Bg4 11. Ba3 a6 12. Bxc6 bxc6 13. d4 $11 Qe6 14. Qd3 Bxf3 15. Qxf3 Nd7 16. Qg3 f5 17. Qd3 f4 18. f3 Nb6 19. Reb1 c5 20. Bc1 Rf6 21. a4 cxd4 22. cxd4 exd4 23. Bb2 Rg6 24. Bxd4 Qh3 25. Qf1 Nd7 26. Kh1 Qe6 27. Rb7 c5 28. Bc3 Ne5 29. Bxe5 Qxe5 30. Qc4+ Kh7 31. Rab1 Re8 32. Rd1 Qg5 33. Qf1 Qe5 34. Qc4 Qg5 35. Qf1 Re5 36. Rb6 Qe7 37. Rxa6 Rh5 38. a5 c4 39. Qg1 Rc5 40. Qf2 Qc7 41. Qd2 c3 42. Qxf4 Rxa5 43. Rxa5 Qxa5 44. Qf5 Qa2 45. h4 Qxc2 46. Rg1 Qf2 47. g3 c2 48. h5 Qxg1+ 49. Kxg1 c1=Q+ 50. Kh2 Qg5 51. hxg6+ Qxg6 52. Qd7 Qf6 53. Kg2 d5 1/2-1/2

[Event "7th Cesme Open-A 2019"]
[Site "Cesme"]
[Date "2019.06.29"]
[Round "8"]
[White "Sevgi, Volkan"]
[Black "Unat, Can Haktan"]
[Result "1-0"]
[ECO "C26"]
[WhiteElo "2302"]
[BlackElo "2079"]
[Annotator "ChessBase"]
[PlyCount "149"]
[EventDate "2019.06.24"]
[EventType "swiss"]
[EventCountry "TUR"]
[SourceTitle "playchess.com"]
[Source "ChessBase"]
[SourceQuality "1"]
[TimeControl "5400+30"]

1. e4 e5 2. Nc3 Nf6 3. g3 Nc6 4. Bg2 Bc5 5. d3 d6 6. Nge2 h6 7. Na4 Be6 8. Nxc5 dxc5 9. f4 Qe7 10. fxe5 Nxe5 11. Bf4 Nc6 12. O-O O-O-O 13. Qe1 Rhg8 14. Qc3 c4 15. Be3 Rge8 16. Nd4 Nxd4 17. Bxd4 Qd7 18. Bxf6 gxf6 19. Qxf6 cxd3 20. cxd3 Qxd3 21. Qxh6 Qb5 22. Rf2 Rd4 23. a3 Red8 24. Bf3 Qb6 25. Kg2 Rd3 26. Rc1 Qd4 27. Qf4 c6 28. Rcc2 Qd7 29. h4 Rd4 30. Qe5 Rg8 31. Kh2 Bb3 32. Rc3 Be6 33. b4 a6 34. Bg2 Rd1 35. Qf4 Rg4 36. Qe3 Qd6 37. e5 Qe7 38. Qh6 Rg6 39. Qf4 Kb8 40. Bf3 Ra1 41. Rd3 Qc7 42. Rfd2 Qb6 43. Qe3 Qxe3 44. Rxe3 Rg8 45. Rf2 Ka7 46. Rd2 Kb6 47. Kg2 Bc4 48. g4 Be6 49. Rd4 Ra2+ 50. Kg3 Ra1 51. g5 Rg1+ 52. Kf2 Rc1 53. Red3 Rc2+ 54. Kg3 Kc7 55. Rf4 Rc1 56. Bh5 Rg7 57. Re3 Rh7 58. Bf3 Rg7 59. Rf6 c5 60. bxc5 Rxc5 61. Kf4 Rc4+ 62. Be4 Rc1 63. h5 Rg1 64. g6 Rg4+ 65. Kf3 Rh4 66. gxf7 Bxf7 67. Bg6 Bxg6 68. hxg6 Kd8 69. e6 Rh8 70. Kf4 Ke8 71. Kg5 Rc7 72. Rf7 Rc1 73. Kf6 Rg1 74. Kg7 Rh2 75. e7 1-0